 Dungeon Crawl Stone Soup version 0.22-a0-601-gb0ed703 (webtiles) character file.

1032 galech the Skirmisher (level 8, -14/84 HPs)
             Began as an Ogre Berserker on July 6, 2018.
             Was a Believer of Trog.
             Demolished by Prince Ribbit (16 damage)
             ... on level 5 of the Dungeon.
             The game lasted 00:07:49 (6784 turns).

galech the Skirmisher (Ogre Berserker)              Turns: 6784, Time: 00:07:49

Health: -14/84     AC:  3    Str: 22    XL:     8   Next: 23%
Magic:  8/8        EV: 11    Int: 11    God:    Trog [**....]
Gold:   288        SH:  0    Dex: 10    Spells: 7/7 levels left

rFire    . . .     SeeInvis .   a - +0 mace
rCold    . . .     Gourm    .   (no shield)
rNeg     + . .     Faith    .   b - +0 animal skin
rPois    .         Spirit   .   (helmet restricted)
rElec    .         Reflect  .   (no cloak)
rCorr    .         Harm     .   (gloves unavailable)
MR       .....                  (boots unavailable)
Stlth    ++........             j - amulet of rage
HPRegen  0.24/turn              w - +3 ring of intelligence
MPRegen  0.11/turn              v - ring of positive energy

@: berserk cooldown, slowed, very slow
A: large, unfitting armour, tough skin 1
a: Berserk, Trog's Hand, Renounce Religion, Evoke Berserk Rage


You were on level 5 of the Dungeon.
You worshipped Trog.
Trog was pleased with you.
You were not hungry.

You visited 1 branch of the dungeon, and saw 6 of its levels.

You collected 288 gold pieces.

Inventory:

Hand Weapons
 a - a +0 mace (weapon)
Armour
 b - a +0 animal skin (worn)
Jewellery
 j - an amulet of rage (around neck)
 v - a ring of positive energy (right hand)
 w - a +3 ring of intelligence (left hand)
 x - an uncursed amulet of the acrobat {unknown}
Wands
 t - a wand of flame (28)
Scrolls
 d - 6 scrolls of identify {unknown}
 e - 3 scrolls of magic mapping {unknown}
 f - 5 scrolls of enchant weapon {unknown}
 h - 2 scrolls of remove curse {unknown}
 l - 2 scrolls of enchant armour {unknown}
 n - a scroll of random uselessness {unknown}
 o - a scroll of amnesia {unknown}
 p - 4 scrolls of teleportation {unknown}
 r - 2 scrolls of fear {unknown}
Potions
 g - 5 potions of curing
 i - a potion of heal wounds {unknown}
 k - 2 potions of flight {unknown}
 m - 2 potions of berserk rage {unknown}
 q - a potion of degeneration {unknown}
 u - a potion of brilliance {unknown}
 z - 2 potions of mutation {unknown}
Comestibles
 c - 8 rations


   Skills:
 + Level 6.7 Fighting
 + Level 6.5 Maces & Flails
 + Level 5.0 Dodging
 + Level 1.5 Stealth


You had 7 spell levels left.
You didn't know any spells.
Your spell library was empty.

Dungeon Overview and Level Annotations

Branches:
Dungeon (6/15)             Temple (0/1) D:4

Altars:
Yredelemnul
Beogh

Shops:
D:4 (

Annotations:
D:3 3 runed doors, Goblin1989's ghost, amateur DsCK; Soeti's ghost, amateur OpFi; iamserjio's ghost, weakling HaCK
D:4 3 runed doors, inc's ghost, amateur OpFE
D:5 Prince Ribbit


Innate Abilities, Weirdness & Mutations

You are too large for most types of armour.
You have tough skin. (AC +1)


Message History

You feel yourself slow down. Prince Ribbit hits you!
You miss Prince Ribbit. Prince Ribbit hits you!
* * * LOW HITPOINT WARNING * * *
Prince Ribbit barely misses you. Prince Ribbit misses you.
Prince Ribbit barely misses you. Prince Ribbit hits you.
* * * LOW HITPOINT WARNING * * *
Prince Ribbit hits you.
* * * LOW HITPOINT WARNING * * *
Prince Ribbit misses you.
Prince Ribbit winks and puckers his lips.
Prince Ribbit misses you. Prince Ribbit hits you.
* * * LOW HITPOINT WARNING * * *
There is a stone staircase leading down, spattered with blood here.
Okay, then.
You feel better. Prince Ribbit hits you!
* * * LOW HITPOINT WARNING * * *
Prince Ribbit hits you!
You die...

###....#..#...###.##.........# #
###.#............##.##......####
##[............##.##.............
...##..........##.##..(......####
#####.................##.....#
#....................##..##..#
..###..........#...###..###..#
...............)F....#.##...##
#..##...........@.##...##<#.#
#..##......#.......#..##..#.#####
#..##......####..#....##.##......
.................#.......########
####.........###.##............#
##.........##................#
##..........#....###..........##
#.............#...............##
#.#.................#.######..##


You could see Prince Ribbit.

Vanquished Creatures
  An orc warrior (D:5)
  An ice beast (D:5)
  3 ogres
  A scorpion (D:4)
  2 howler monkeys (D:5)
  2 orc wizards
  An iguana (D:5)
  7 worker ants
  A hound skeleton (D:5)
  Robin (D:2)
  2 gnolls (D:4)
  9 adders
  A shadow imp (D:5)
  2 worms
  3 leopard geckos
  12 orcs
  2 ball pythons
  4 bats
  2 giant cockroaches
  12 goblins
  10 hobgoblins
  5 jackals
  5 kobolds
  2 quokkas
  3 frilled lizards
  A kobold skeleton (D:4)
  A leopard gecko skeleton (D:4)
  3 rats (D:3)
99 creatures vanquished.

Vanquished Creatures (others)
  A worker ant (D:4)
  A withered plant (D:3)
2 creatures vanquished.

Grand Total: 101 creatures vanquished

Notes
Turn   | Place    | Note
-------+----------+-------------------------------------------
     0 | D:1      | galech the Ogre Berserker began the quest for the Orb.
     0 | D:1      | Reached XP level 1. HP: 24/24 MP: 1/1
   450 | D:1      | Reached XP level 2. HP: 9/32 MP: 2/2
   985 | D:1      | You fall through a shaft!
  1652 | D:2      | Reached XP level 3. HP: 39/40 MP: 3/3
  2251 | D:3      | Noticed Robin
  2306 | D:2      | Killed Robin
  2306 | D:2      | Reached XP level 4. HP: 48/49 MP: 4/4
  2507 | D:3      | Found a runed gate.
  2507 | D:3      | Found a runed gate.
  2507 | D:3      | Found a runed gate.
  2508 | D:3      | Noticed iamserjio's ghost (weakling HaCK)
  2509 | D:3      | Noticed Soeti's ghost (amateur OpFi)
  2509 | D:3      | Noticed Goblin1989's ghost (amateur DsCK)
  2960 | D:3      | Reached ** piety under Trog
  3010 | D:3      | Reached XP level 5. HP: 51/55 MP: 5/5
  3595 | D:5      | Entered Level 5 of the Dungeon
  3610 | D:5      | Noticed an ogre
  3711 | D:4      | Found a staircase to the Ecumenical Temple.
  3809 | D:4      | Found a runed door.
  3810 | D:4      | Noticed a human
  3811 | D:4      | Found a basalt altar of Yredelemnul.
  3817 | D:4      | Found Gihuam's Weapon Shop.
  4210 | D:4      | Reached skill level 5 in Fighting
  4210 | D:4      | Reached XP level 6. HP: 44/66 MP: 6/6
  4360 | D:4      | Found a runed gate.
  4364 | D:4      | Found a runed gate.
  4364 | D:4      | Noticed inc's ghost (amateur OpFE)
  4365 | D:4      | Found a runed gate.
  4367 | D:4      | Found a roughly hewn altar of Beogh.
  4524 | D:4      | Reached skill level 5 in Maces & Flails
  5043 | D:5      | Reached skill level 1 in Stealth
  5043 | D:5      | Reached XP level 7. HP: 72/72 MP: 7/7
  6039 | D:5      | Reached XP level 8. HP: 84/84 MP: 8/8
  6724 | D:6      | Noticed Prince Ribbit
  6774 | D:5      | Reached skill level 5 in Dodging
  6784 | D:5      | HP: 2/84 [Prince Ribbit (13)]
  6784 | D:5      | Demolished by Prince Ribbit

Vault maps used:
D:1:      dpeg_arrival_oval, serial_park_tiny_2
D:2:      st_stairs_5, amethyst_killhole
D:3:      gammafunk_ghost_cemetery, uniq_robin
D:4:      temple_statues, biasface_ghost_orc_armoury, serial_shops, shop,
          dk_yredelemnul_ordeal
D:5:      first_ration
D:6:      kennysheep_nub, uniq_prince_ribbit1, uniq_duvessa

Skill      XL: |  1  2  3  4  5  6  7  8 |
---------------+-------------------------+-----
Dodging        | 3 4 5 |  5.0
Maces & Flails | 3 4 5 6 |  6.5
Fighting       | 5 6 |  6.7
Stealth        | 1 |  1.5

Action                   |  1- 3 |  4- 6 |  7- 9 || total
-------------------------+-------+-------+-------++-------
Melee: Mace              |   116 |   192 |   129 ||   437
Invok: Berserk           |     2 |     6 |     8 ||    16
       Trog's Hand       |       |     1 |     2 ||     3
  Use: Potion            |     1 |       |     1 ||     2
 Stab: Sleeping          |       |     1 |       ||     1
  Eat: Chunk             |     5 |    14 |    10 ||    29
       Ration            |       |       |     2 ||     2
Armor: Animal skin       |    74 |    42 |    25 ||   141
Dodge: Dodged            |    95 |   102 |    82 ||   279

Table legend:
 A = Spawn XP
 B = Non-spawn XP
 C = Spawn XP percentage of total XP
 D = Spawn monster count
 E = Non-spawn monster count
 F = Spawn count percentage of total count
 G = Total turns spent on level
                    A         B        C        D         E        F      G
               +---------+---------+-------+---------+---------+-------+---------
         Total |       0 |    1475 |   0.0 |       0 |      99 |   0.0 |  6784
               +---------+---------+-------+---------+---------+-------+---------
           D:1 |       0 |      17 |   0.0 |       0 |       9 |   0.0 |  1218
           D:2 |       0 |      43 |   0.0 |       0 |      16 |   0.0 |   905
           D:3 |       0 |     112 |   0.0 |       0 |      33 |   0.0 |  1054
           D:4 |       0 |     449 |   0.0 |       0 |      20 |   0.0 |  1959
           D:5 |       0 |     854 |   0.0 |       0 |      21 |   0.0 |  1635
               +---------+---------+-------+---------+---------+-------+---------
